 Dungeon Crawl Stone Soup version 0.32-a0-607-g64ea0e4219 (webtiles) character file.

Game seed: 17574415017355886007

133 Sobieck the Digger (level 4, 0/33 HPs)
             Began as a Mountain Dwarf Earth Elementalist on Mar 3, 2024.
             Was an Initiate of Vehumet.
             Succumbed to a scorpion's poison
             ... on level 4 of the Dungeon.
             The game lasted 00:03:04 (2224 turns).

Sobieck the Digger (MDEE)                           Turns: 2224, Time: 00:03:05

Health: 0/33       AC:  5    Str: 10    XL:     4   Next: 94%
Magic:  12/16      EV: 10    Int: 18    God:    Vehumet [......]
Gold:   128        SH:  0    Dex: 10    Spells: 4/8 levels left

rFire   . . .        (no weapon)
rCold   . . .        (no shield)
rNeg    . . .        e - +0 ring mail
rPois   .            (no helmet)
rElec   .            (no cloak)
rCorr   .            (no gloves)
SInv    .            (no boots)
Will    .....        (no amulet)
Stlth   +            h - ring of magical power
HPRegen 0.25/turn    (no ring)
MPRegen 0.15/turn

%: no passive effects
@: lethally poisoned (0 -> -10), attractive, hasted, very quick
A: runic magic, artefact enchanting
a: Renounce Religion


You were on level 4 of the Dungeon.
You worshipped Vehumet.
Vehumet was noncommittal.
You visited 1 branch of the dungeon, and saw 4 of its levels.

You collected 128 gold pieces.

Inventory:

Missiles
 F - 4 curare-tipped darts
Armour
 a - a +0 robe
 e - a +0 ring mail (worn)
 j - a +0 pair of boots
 n - a +0 kite shield
Jewellery
 h - a ring of magical power (left hand)
 m - a +6 ring of intelligence
Scrolls
 k - 2 scrolls of immolation
 p - a scroll of butterflies
Potions
 b - a potion of magic
 c - 2 potions of mutation
 d - a potion of degeneration {unknown}
 f - a potion of attraction
 o - 2 potions of lignification {unknown}
 H - a potion of haste


   Skills:
 + Level 2.2 Armour
 - Level 1.3 Dodging
 - Level 1.4 Stealth
 + Level 2.6 Spellcasting
 - Level 0.8 Conjurations
 * Level 5.0 Earth Magic


You had 4 spell levels left.
You knew the following spells:

 Your Spells              Type           Power      Damage    Failure   Level
a - Sandblast             Erth           40%        2d10      2%          1
b - Stone Arrow           Conj/Erth      24%        3d8       19%         3

Your spell library contained the following spells:

 Spells                   Type           Power      Damage    Failure   Level
 Passwall                 Erth           20%        N/A       8%          3
 Brom's Barrelling Bould  Conj/Erth      12%        2d4       52%         4
 Petrify                  Alch/Erth      11%        N/A       58%         4


Dungeon Overview and Level Annotations

Branches:
Dungeon (4/15)
 Temple: D:4-7

Altars:
Hepliaklqana
Vehumet

Shops:
D:1 [


Innate Abilities, Weirdness & Mutations

Your spellcasting is much less encumbered by armour.
You can use scrolls of enchantment on lesser artefacts.


Message History

The blast of sand hits the scorpion but does no damage.
You feel very sick. The scorpion stings you.
* * * LOW HITPOINT WARNING * * *
The scorpion stings you but does no damage.
Unknown command.
Casting: Sandblast (safe; 2% risk of failure)
Confirm with . or Enter, or press ? or * to list all spells.
Okay, then.
Unknown command.
Unknown command.
Okay, then.
Unknown command.
Casting: Stone Arrow (quite dangerous; 19% risk of failure)
Confirm with . or Enter, or press ? or * to list all spells.
Okay, then.
Unknown command.
Casting: Stone Arrow (quite dangerous; 19% risk of failure)
Confirm with . or Enter, or press ? or * to list all spells.
Aiming: Sandblast (safe; 2% risk of failure)
Press: ? - help, Shift-Dir - straight line, f/p - scorpion
Aim: a scorpion (83% to hit)
The blast of sand hits the scorpion.
The scorpion is moderately wounded.
You feel sick.
The scorpion stings you but does no damage.
The scorpion stings you.
* * * LOW HITPOINT WARNING * * *
You are lethally poisoned!
The scorpion poisons you!
Casting: Sandblast (safe; 2% risk of failure)
Confirm with . or Enter, or press ? or * to list all spells.
Aiming: Sandblast (safe; 2% risk of failure)
Press: ? - help, Shift-Dir - straight line, f/p - scorpion
Aim: a scorpion (moderately wounded, 83% to hit)
The blast of sand hits the scorpion but does no damage.
The scorpion is moderately wounded.
* * * LOW HITPOINT WARNING * * *
You feel extremely sick.
The scorpion stings you but does no damage.
The scorpion stings you.
* * * LOW HITPOINT WARNING * * *
It was a potion of attraction.
You feel attractive to monsters.
* * * LOW HITPOINT WARNING * * *
You feel very sick. The scorpion misses you.
It was a potion of haste.
You feel yourself speed up.
H - a potion of haste You die...

#### #.. .
.######s###....
.......@.....#
#######.###.##
#.# #.# #.. ###


You could see a scorpion.

Vanquished Creatures
  A howler monkey (D:2)
  3 adders
  A ribbon worm (D:3)
  2 dart slugs
  7 bats
  4 endoplasms
  4 giant cockroaches
  4 goblins
  4 hobgoblins
  6 jackals (D:1)
  2 quokkas (D:1)
  6 ball pythons
  A frilled lizard (D:1)
  7 kobolds
  4 rats
56 creatures vanquished.

Notes
Turn   | Place    | Note
-------+----------+-------------------------------------------
     0 | D:1      | Sobieck the Mountain Dwarf Earth Elementalist began the
                  | quest for the Orb.
     0 | D:1      | Reached XP level 1. HP: 14/14 MP: 3/3
    84 | D:1      | Found Ruogg's Armour Boutique.
   227 | D:1      | Reached XP level 2. HP: 20/20 MP: 1/4
   509 | D:1      | Reached skill level 1 in Armour
   608 | D:1      | Reached skill level 4 in Earth Magic
   612 | D:1      | Reached XP level 3. HP: 24/26 MP: 6/6
  1181 | D:2      | Found a hazy altar of Hepliaklqana.
  1186 | D:2      | Reached XP level 4. HP: 33/33 MP: 7/7
  1773 | D:3      | Found a radiant altar of Vehumet.
  1782 | D:3      | Became a worshipper of Vehumet
  1847 | D:3      | Reached skill level 5 in Earth Magic
  2092 | D:3      | Learned a level 3 spell: Stone Arrow
  2217 | D:4      | Noticed a scorpion
  2223 | D:4      | HP: 1/33 [poisoned by a scorpion]
  2224 | D:4      | Succumbed to a scorpion's poison

Illustrated notes

Levels and vault maps discovered:
D:1:      wander_arrival_estate, layout_loops_ring, serial_shops,
          nicolae_shop_hallway_plus, minmay_heptomino_l4
D:2:      wander_river, layout_rooms, basic_altar
D:3:      layout_loops_ring, old_standard_altar
D:4:      layout_loops_corners, amethyst_killhole

Skill      XL: |  1  2  3  4 |
---------------+-------------+-----
Spellcasting   | 2 |  2.6
Armour         | 1 2 |  2.2
Earth Magic    | 4 5 |  5.0
Dodging        | |  1.3
Stealth        | |  1.4
Conjurations   | |  0.8

Action                     |  1- 3 |  4- 6 || total
---------------------------+-------+-------++-------
   Cast: Sandblast         |    47 |    40 ||    87
    Use: Scroll            |       |     5 ||     5
         Potion            |       |     2 ||     2
 Armour: Ring mail         |     6 |    21 ||    27
         Robe              |     1 |       ||     1
  Dodge: Dodged            |    13 |     9 ||    22

Table legend: (Time is in decaauts)
 A = Elapsed time spent in this place.
 B = Non-inter-level travel time spent in this place.
 C = Inter-level travel time spent in this place.
 D = Time resting spent in this place.
 E = Time spent auto-exploring this place.
 F = Levels seen in this place.
 G = Mean time per level.
                   A        B        C        D        E       F      G
               +--------+--------+--------+--------+--------+-----+--------+
         Total |   2293 |   2248 |     45 |      6 |   1945 |   4 |  573.2 |
       Dungeon |   2293 |   2248 |     45 |      6 |   1945 |   4 |  573.2 |
               +--------+--------+--------+--------+--------+-----+--------+

Top non-repeatable levels by time:
     D:1: 1082 daAuts
     D:3: 681 daAuts
     D:2: 520 daAuts
     D:4: 9 daAuts
